 Dungeon Crawl Stone Soup version 0.32-a0-350-g4f4d228785 (webtiles) character file.

Game seed: 9725539533848018413

8201 n00bmints the Basher (level 11, -6/95 HPs)
             Began as a Minotaur Berserker on Feb 17, 2024.
             Was a Believer of Trog.
             Mangled by a yak (9 damage)
             ... on level 1 of the Lair of Beasts.
             The game lasted 00:43:13 (8482 turns).

n00bmints the Basher (Minotaur Berserker)           Turns: 8482, Time: 00:43:15

Health: -6/95      AC: 19    Str: 22    XL:     11   Next: 6%
Magic:  10/10      EV: 11    Int:  4    God:    Trog [**....]
Gold:   331        SH:  0    Dex: 18    Spells: 10/10 levels left

rFire   . . .        s - +2 mace (heavy)
rCold   + . .        (no shield)
rNeg    . . .        A - +5 chain mail of Ashenzari's Supremacy {rC+ Will+++ rCorr Str-2 Stlth+}
rPois   .            (helmet restricted)
rElec   .            w - +0 cloak {Will+}
rCorr   +            (no gloves)
SInv    +            b - +0 pair of boots
Will    +++++        (no amulet) Stlth
                     l - ring of see invisible
HPRegen 1.35/turn    o - +6 ring of dexterity
MPRegen 0.12/turn

%: no passive effects
@: about to teleport, strong-willed, regenerating
A: horns 2, retaliatory headbutt
a: Renounce Religion, Berserk, Trog's Hand


You were on level 1 of the Lair of Beasts.
You worshipped Trog.
Trog was pleased with you.
You visited 3 branches of the dungeon, and saw 11 of its levels.

You collected 436 gold pieces.
You spent 105 gold pieces at shops.

Inventory:

Hand Weapons
 a - a +3 battleaxe
 m - a +4 mace
 s - a +2 heavy mace (weapon)
 B - a +2 war axe of draining
Armour
 b - a +0 pair of boots (worn)
 r - a +0 plate armour
 w - a +0 cloak of willpower (worn)
 A - the +5 chain mail of Ashenzari's Supremacy (worn) {rC+ Will+++ rCorr Str-2 Stlth+}
   (You found it on level 7 of the Dungeon)

   Str-2:     It affects your strength (-2).
   rC+:       It protects you from cold.
   Will+++:   It greatly increases your willpower.
   rCorr:     It protects you from acid and corrosion.
   Stlth+:    It makes you more stealthy.
Jewellery
 l - a ring of see invisible (left hand)
 o - a +6 ring of dexterity (right hand)
 t - a ring of resist corrosion
Scrolls
 d - a scroll of vulnerability
 j - 5 scrolls of amnesia
 n - 5 scrolls of blinking
 p - 5 scrolls of teleportation
 y - a scroll of noise {unknown}
Potions
 c - 2 potions of might {unknown}
 e - a potion of enlightenment {unknown}
 f - 3 potions of berserk rage {unknown}
 g - 3 potions of attraction
 h - 4 potions of haste
 i - a potion of brilliance {unknown}
 k - 5 potions of curing
 q - 4 potions of heal wounds
 u - 2 potions of degeneration {unknown}
 v - a potion of ambrosia {unknown}
 x - a potion of magic {unknown}
 z - a potion of experience {unknown}


   Skills:
 + Level 8.3 Fighting
 + Level 8.3(12.0) Axes
 * Level 13.6(14.5) Maces & Flails
 + Level 10.3 Armour
 + Level 4.3 Dodging
 - Level 0.1 Stealth


You had 10 spell levels left.
You didn't know any spells.
Your spell library was empty.

Dungeon Overview and Level Annotations

Branches:
Dungeon (9/15)             Temple (1/1) D:7            Lair (1/5) D:9
    Orc: D:9-12

Altars:
Ashenzari
Cheibriados
Dithmenos
Elyvilon
Fedhas
Gozag
Hepliaklqana
Kikubaaqudgha
Makhleb
Nemelex Xobeh
Okawaru
Qazlal
Ru
Sif Muna
Trog
Uskayaw
Wu Jian
Xom
Yredelemnul
Zin
The Shining One

Shops:
D:1 (   D:9 *


Innate Abilities, Weirdness & Mutations

You have a pair of horns on your head.
You reflexively headbutt those who attack you in melee.


Message History

The yak misses you.
The yak gores you but does no damage. x2
You barely miss the yak.
The yak is almost dead.
The yak bellows!
The blink frog hits you!
The blink frog blinks!
The blink frog closely misses you. You furiously retaliate!
You headbutt the blink frog! The yak gores you but does no damage.
The yak closely misses you. The yak gores you but does no damage.
The blink frog hits you.
The blink frog blinks!
You barely miss the yak.
The yak is almost dead.
The blink frog barely misses you. The yak closely misses you.
The yak gores you but does no damage.
You barely miss the yak.
The yak is almost dead.
The blink frog hits you but does no damage.
The yak gores you but does no damage. The yak gores you!
The yak closely misses you. The yak gores you.
The blink frog blinks!
You bludgeon the yak!!
You kill the yak!
Trog accepts your kill. The yak gores you! The yak closely misses you.
The yak gores you.
The blink frog hits you but does no damage.
A seven-headed hydra comes into view.
You closely miss the blink frog.
The blink frog is lightly wounded.
The seven-headed hydra roars!
The yak gores you! The yak gores you but does no damage.
The yak closely misses you. The yak gores you.
* * * LOW HITPOINT WARNING * * *
The blink frog hits you!
* * * LOW HITPOINT WARNING * * *
As you read the scroll of teleportation, it crumbles to dust.
You feel strangely unstable. The blink frog hits you.
* * * LOW HITPOINT WARNING * * *
The yak barely misses you. You furiously retaliate!
You headbutt the yak. The yak gores you!
* * * LOW HITPOINT WARNING * * *
The yak gores you!
You die...

#♣♣ #..♣♣
##D.. ♣♣
#....##.##
#.......♣
###......♣
##P....l..♣
.......YF#♣
.#..YYY@P♣
Y..#..FYY♣♣
. #...FY#
#.....#
#.......
........#♣
..........
###.#.#P#.


You could see a seven-headed hydra, a komodo dragon, 7 yaks and 3 blink frogs.

Vanquished Creatures
  A two-headed ogre (D:8)
  The ghost of IdlyInterested the Slicer, a novice DsFi (D:6)
  2 unseen horror zombies (D:9)
  2 steam dragons
  6 wyverns (D:9)
  8 yaks
  Duvessa (D:5)
  2 acid dragons (D:9)
  2 water moccasins
  A sky beast (D:7)
  An orc warrior (D:8)
  2 black bears
  3 ice beasts
  An ogre (D:4)
  2 centaurs
  4 phantoms
  Blork the orc (D:5)
  2 kobold brigands
  2 bullfrogs
  A scorpion (D:5)
  2 gnoll sergeants
  6 wights
  Dowan (D:5)
  4 killer bees (D:9)
  3 howler monkeys
  2 bombardier beetles
  4 centaur zombies (D:9)
  2 hounds
  3 orc priests
  A gnoll bouda (D:9)
  5 jellies
  Crazy Yiuf (D:6)
  2 iguanas (D:4)
  9 orc wizards
  A sleepcap (D:6)
  4 howler monkey zombies (D:9)
  13 gnolls
  10 adders
  A river rat (D:6)
  A shadow imp (D:5)
  A white imp (D:6)
  2 ufetubi (D:5)
  2 dart slugs
  3 ribbon worms
  36 orcs
  8 endoplasms
  A giant cockroach (D:4)
  5 goblins
  7 hobgoblins
  2 jackals (D:1)
  20 kobolds
  A quokka (D:1)
  8 ball pythons
  3 bats
  A frilled lizard (D:2)
  6 rats
226 creatures vanquished.

Notes
Turn   | Place    | Note
-------+----------+-------------------------------------------
     0 | D:1      | n00bmints the Minotaur Berserker began the quest for the
                  | Orb.
     0 | D:1      | Reached XP level 1. HP: 19/19 MP: 0/0
    71 | D:1      | Found Ewnim's Weapon Shoppe.
   161 | D:1      | Reached XP level 2. HP: 27/27 MP: 1/1
   342 | D:1      | Reached skill level 4 in Maces & Flails
   826 | D:2      | Reached XP level 3. HP: 33/33 MP: 2/2
  1021 | D:2      | Reached ** piety under Trog
  1139 | D:2      | Reached XP level 4. HP: 28/41 MP: 3/3
  1216 | D:2      | Reached skill level 5 in Maces & Flails
  1504 | D:3      | Reached skill level 1 in Axes
  1728 | D:3      | Reached XP level 5. HP: 47/47 MP: 4/4
  1875 | D:3      | Found a bloodstained altar of Trog.
  2021 | D:4      | Noticed a phantom
  2031 | D:4      | Killed a phantom
  2105 | D:4      | Reached XP level 6. HP: 51/55 MP: 5/5
  2141 | D:4      | Reached skill level 5 in Fighting
  2247 | D:4      | Reached skill level 5 in Axes
  2287 | D:4      | Noticed a water moccasin
  2296 | D:4      | Killed a water moccasin
  2297 | D:4      | Reached XP level 7. HP: 61/61 MP: 6/6
  2489 | D:4      | Found a shimmering altar of Xom.
  2522 | D:4      | Reached skill level 5 in Armour
  2786 | D:5      | Entered Level 5 of the Dungeon
  3042 | D:5      | Reached XP level 8. HP: 58/70 MP: 7/7
  3247 | D:5      | Noticed Blork the orc
  3260 | D:5      | Killed Blork the orc
  3625 | D:5      | Noticed Duvessa
  3625 | D:5      | Noticed Dowan
  3645 | D:5      | Killed Duvessa
  3646 | D:5      | Reached skill level 6 in Maces & Flails
  3655 | D:5      | Killed Dowan
  4217 | D:6      | Reached skill level 7 in Maces & Flails
  4292 | D:6      | Found a runed translucent door.
  4295 | D:6      | Noticed IdlyInterested's ghost (novice DsFi)
  4328 | D:6      | Killed IdlyInterested's ghost
  4329 | D:6      | Reached skill level 8 in Maces & Flails
  4329 | D:6      | Reached XP level 9. HP: 78/78 MP: 8/8
  4378 | D:6      | Found a runed translucent door.
  4632 | D:6      | Reached skill level 9 in Maces & Flails
  4893 | D:6      | Found a runed translucent door.
  4894 | D:6      | Noticed Crazy Yiuf
  4901 | D:6      | Killed Crazy Yiuf
  5091 | D:7      | Found a hazy altar of Hepliaklqana.
  5251 | D:7      | Reached skill level 10 in Maces & Flails
  5271 | D:7      | Identified the +5 chain mail of Ashenzari's Supremacy {rC+
                  | Will+++ rCorr Str-2 Stlth+}
  5287 | D:7      | Found a snail-covered altar of Cheibriados.
  5446 | D:7      | Found a staircase to the Ecumenical Temple.
  5461 | Temple   | Entered the Ecumenical Temple
  5796 | D:7      | Reached skill level 11 in Maces & Flails
  6067 | D:8      | Reached XP level 10. HP: 79/86 MP: 9/9
  6347 | D:8      | Noticed a two-headed ogre
  6354 | D:8      | Killed a two-headed ogre
  6598 | D:8      | Reached skill level 12 in Maces & Flails
  7124 | D:8      | Found a shimmering blue altar of Sif Muna.
  7333 | D:9      | Reached skill level 13 in Maces & Flails
  7543 | D:9      | Found Jounor's General Store.
  7641 | D:9      | Bought a scroll of enchant weapon for 105 gold pieces
  7765 | D:9      | Found a basalt altar of Yredelemnul.
  7896 | D:9      | Reached skill level 10 in Armour
  8156 | D:9      | Found a staircase to the Lair.
  8403 | Lair:1   | Entered Level 1 of the Lair of Beasts
  8413 | D:9      | Reached XP level 11. HP: 94/94 MP: 10/10
  8480 | Lair:1   | Noticed a seven-headed hydra
  8482 | Lair:1   | HP: 3/95 [yak (11)]
  8482 | Lair:1   | Mangled by a yak

Illustrated notes

Levels and vault maps discovered:
D:1:      scummos_arrival_checkerplants, layout_loops_ring, serial_shops, shop,
          minmay_misc_feat_ornament
D:2:      layout_rooms, grunt_ministairs_15
D:3:      layout_loops_ring, lightli_temple_of_fire, minmay_distorted
D:4:      kennysheep_spiral_hall, layout_cave_pools, mainiacjoe_overflow_paths
D:5:      layout_basic, uniq_duvessa, uniq_blork_the_orc
D:6:      layout_loops_ring, ebering_ghost_sewer_f, hex_tiny, hex_medium,
          uniq_crazy_yiuf_cottage
D:7:      layout_rooms, lemuel_round_altar, slow_altar_1,
          minmay_temple_entry_metal_lava, minmay_fountain_box
D:8:      layout_basic, tgw_sif
D:9:      layout_roguey, nicolae_yredelemnul_corpse_copse, lair_entry_dummy,
          serial_shops, shop, nicolae_concentric_dashed_squares_mild
Temple:   nicolae_temple_superstar
Lair:1:   layout_chaotic_city, hangedman_tree_tricks, serial_bayou_ford_a,
          uniq_erica

Skill      XL: |  1  2  3  4  5  6  7  8  9 10 |
---------------+-------------------------------+-----
Fighting       | 4 5 6 7 8 |  8.3
Maces & Flails | 4 5 8 11 13 | 13.6
Armour         | 3 4 5 7 8 10 | 10.3
Axes           | 1 3 5 7 8 |  8.3
Dodging        | 3 4 |  4.3
Stealth        | |  0.1

Action                     |  1- 3 |  4- 6 |  7- 9 | 10-12 || total
---------------------------+-------+-------+-------+-------++-------
  Melee: Mace              |    61 |    10 |   212 |   161 ||   444
         Headbutt          |    11 |    12 |    50 |    33 ||   106
         War axe           |       |    59 |    45 |       ||   104
 Invoke: Trog's Hand       |       |     3 |    21 |     8 ||    32
         Berserk           |       |     2 |     4 |     4 ||    10
    Use: Scroll            |       |       |     9 |     4 ||    13
         Potion            |       |       |       |     2 ||     2
 Armour: Leather armour    |    23 |       |       |       ||    23
         Animal skin       |     2 |       |       |       ||     2
         Chain mail        |    12 |    59 |    93 |   240 ||   404
         Scale mail        |     5 |       |       |       ||     5
         Plate armour      |       |       |   258 |       ||   258
  Dodge: Dodged            |    46 |    55 |   153 |   141 ||   395

Table legend: (Time is in decaauts)
 A = Elapsed time spent in this place.
 B = Non-inter-level travel time spent in this place.
 C = Inter-level travel time spent in this place.
 D = Time resting spent in this place.
 E = Time spent auto-exploring this place.
 F = Levels seen in this place.
 G = Mean time per level.
                   A        B        C        D        E       F      G
               +--------+--------+--------+--------+--------+-----+--------+
         Total |   8700 |   8475 |    225 |      0 |   4278 |  11 |  790.9 |
       Dungeon |   8602 |   8377 |    225 |      0 |   4278 |   9 |  955.8 |
        Temple |     79 |     79 |      0 |      0 |      0 |   1 |   79.0 |
          Lair |     18 |     18 |      0 |      0 |      0 |   1 |   18.0 |
               +--------+--------+--------+--------+--------+-----+--------+

Top non-repeatable levels by time:
     D:8: 1408 daAuts
     D:5: 1218 daAuts
     D:9: 1206 daAuts
     D:6: 1160 daAuts
     D:1: 816 daAuts
     D:4: 796 daAuts
     D:7: 770 daAuts
     D:3: 661 daAuts
     D:2: 563 daAuts
  Temple: 79 daAuts
  Lair:1: 18 daAuts
